[Event "Titled Tuesday Blitz March 08 Early 2022"]
[White "Jaskolka, Tomasz"]
[Black "Politov, Pavel Y."]
[WhiteFideId "1170791"]
[BlackFideId "24110515"]
[WhiteElo "2073"]
[BlackElo "2090"]
[Result "1-0"]
[Round "04"]
[TimeControl "180+1"]
[Date "2022.03.09"]
[WhiteClock "0:00:05"]
[BlackClock "0:00:01"]

1. e4 c5 2. Nf3 d6 3. d4 cxd4 4. Nxd4 Nf6 5. Nc3 a6 6. Bg5 e6 7. f4 h6 8. Bxf6 Qxf6 9. Qd2 g5 10. fxg5 Qxg5 11. O-O-O Qxd2+ 12. Rxd2 Be7 13. Kb1 b5 14. g3 Bb7 15. Bg2 Nd7 16. a3 Ne5 17. Nf3 Nc4 18. Re2 Rc8 19. a4 b4 20. Nd1 a5 21. Nf2 Bf6 22. Nd3 Rc7 23. Rhe1 Ke7 24. e5 Nxe5 25. Nfxe5 Bxg2 26. Rxg2 dxe5 27. Nxe5 Rc5 28. Nd3 Rc4 29. Rf2 Rhc8 30. Ref1 Bg5 31. Rxf7+ Kd6 32. R1f2 b3 33. cxb3 Rd4 34. R2f3 e5 35. Nf2 e4 36. Nxe4+ Rxe4 37. Rd3+ Ke6 38. Ra7 Re1+ 39. Ka2 Rcc1 40. Ra6+ Kf5 41. Rxa5+ Kg4 42. b4 Ra1+ 43. Kb3 Re2 44. Rd4+ Kh3 45. b5 Rb1 46. Kc4 Rbxb2 47. Kc5 Rec2+ 48. Rc4 Be3+ 49. Kd5 Rxc4 50. Kxc4 Kxh2 51. Ra6 Kxg3 52. Rg6+ Kf2 53. a5 h5 54. Rf6+ Ke2 55. Re6 h4 56. b6 h3 57. Re5 h2 58. Rh5 Kd1 59. Kd5 Kc1 60. Kc6 Ra2 61. b7 Rb2 62. Rxh2 Rxh2 63. b8=Q Rb2 64. Qe5 Bd2 65. a6 Ra2 66. Kb7 Rb2+ 67. Qxb2+ 1-0


[Site "https://www.chess.com"]

[Event "Titled Tuesday Blitz March 08 Early 2022"]
[White "Jobava, Baadur"]
[Black "Maksimovic, Bojan"]
[WhiteFideId "13601520"]
[BlackFideId "14408120"]
[WhiteElo "2617"]
[BlackElo "2448"]
[Result "1-0"]
[Round "04"]
[TimeControl "180+1"]
[Date "2022.03.08"]
[WhiteClock "0:00:51"]
[BlackClock "0:00:03"]

1. e4 c5 2. Nf3 Nc6 3. Bb5 e6 4. O-O Nge7 5. Re1 a6 6. Bf1 d5 7. exd5 Nxd5 8. d4 Nf6 9. Be3 Be7 10. c4 O-O 11. h3 b6 12. Nc3 Bb7 13. dxc5 bxc5 14. Na4 Qa5 15. b3 Rfd8 16. Qc1 Nd4 17. Ne5 Qc7 18. Nd3 e5 19. Nxe5 Bd6 20. f4 Bxe5 21. fxe5 Qxe5 22. Bg5 Qg3 23. Bf4 Nf3+ 24. Kh1 Qxe1 25. Qxe1 Nxe1 26. Rxe1 Nh5 27. Bc7 Re8 28. Rd1 Rac8 29. Bh2 Nf6 30. Bg1 Ne4 31. Kh2 Red8 32. Re1 Rd2 33. a3 f5 34. b4 cxb4 35. axb4 g5 36. c5 Rcd8 37. Nb6 f4 38. Nc4 Rc2 39. Na5 Bd5 40. Bd3 Rd2 41. Bxe4 Bxe4 42. Rxe4 f3 43. Rg4 h6 44. Nc4 Rc2 45. Nd6 Kg7 46. Bd4+ Kg6 47. Rg3 Re8 48. Rxf3 Rd8 49. Rf6+ Kh5 50. Nf5 g4 51. Be3 g3+ 52. Nxg3+ 1-0


[Site "https://www.chess.com"]

[Event "Titled Tuesday Blitz March 08 Early 2022"]
[White "Kadam, Om Manish"]
[Black "Abarca Gonzalez, Nicolas"]
[WhiteFideId "45076294"]
[BlackFideId "3409422"]
[WhiteElo "1729"]
[BlackElo "2504"]
[Result "0-1"]
[Round "04"]
[TimeControl "180+1"]
[Date "2022.03.08"]
[WhiteClock "0:00:09"]
[BlackClock "0:01:35"]

1. e4 c5 2. Nf3 d6 3. d4 cxd4 4. Nxd4 Nf6 5. Nc3 g6 6. Be3 Bg7 7. f3 O-O 8. Qd2 Nc6 9. O-O-O Nxd4 10. Bxd4 Be6 11. h4 Qa5 12. Kb1 Rfc8 13. Bxf6 Bxf6 14. Nd5 Qxd2 15. Nxf6+ Kg7 16. Rxd2 Kxf6 17. Be2 Rc5 18. f4 h6 19. g4 g5 20. fxg5+ hxg5 21. Rf1+ Ke5 22. hxg5 Rg8 23. b3 Rxg5 24. c4 f6 25. b4 Rc8 26. Rc1 b6 27. Kb2 Rh8 28. a3 Rh2 29. Rcc2 Bxg4 30. Rd5+ Kf4 31. Rxg5 Kxg5 32. Bd3 Rxc2+ 33. Kxc2 Kf4 34. Kc3 e5 35. a4 Bf3 36. a5 Bxe4 37. Bxe4 Kxe4 38. axb6 axb6 39. b5 f5 0-1


[Site "https://www.chess.com"]

[Event "Titled Tuesday Blitz March 08 Early 2022"]
[White "Kamsky, Gata"]
[Black "Taboas Rodriguez, Daniel"]
[WhiteFideId "2000024"]
[BlackFideId "2208466"]
[WhiteElo "2645"]
[BlackElo "2429"]
[Result "1-0"]
[Round "04"]
[TimeControl "180+1"]
[Date "2022.03.08"]
[WhiteClock "0:01:00"]
[BlackClock "0:01:57"]

1. e4 e6 2. Qe2 d5 3. exd5 Nf6 4. Nf3 Nxd5 5. g3 Be7 6. Bg2 O-O 7. d4 c5 8. O-O Nc6 9. dxc5 Bxc5 10. Rd1 Qe7 11. c4 Nf6 12. Nc3 Rd8 13. Bf4 Bd7 14. a3 Be8 15. b4 Nd4 16. Nxd4 Bxd4 17. Be5 Bxe5 18. Qxe5 Rac8 19. c5 Bc6 20. Bxc6 Rxc6 21. Rxd8+ Qxd8 22. Rd1 Qf8 23. Nb5 a5 24. Na7 Ra6 25. Qc7 1-0


[Site "https://www.chess.com"]

[Event "Titled Tuesday Blitz March 08 Early 2022"]
[White "Karas, Marek"]
[Black "Hernandez Jimenez, Alexander Andres"]
[WhiteFideId "14928558"]
[BlackFideId "3900452"]
[WhiteElo "2271"]
[BlackElo "2082"]
[Result "0-1"]
[Round "04"]
[TimeControl "180+1"]
[Date "2022.03.09"]
[WhiteClock "0:00:26"]
[BlackClock "0:00:09"]

1. b3 e5 2. Bb2 d6 3. e3 Nc6 4. Nf3 g6 5. d4 Bg7 6. Bb5 e4 7. d5 Bxb2 8. dxc6 b6 9. Nbd2 exf3 10. Rb1 fxg2 11. Rg1 Bg7 12. Rxg2 Ne7 13. Qf3 Be6 14. a4 a6 15. Bd3 d5 16. e4 Nxc6 17. exd5 Bxd5 18. Be4 Bxe4 19. Nxe4 Ne5 20. Qe2 O-O 21. Rd1 Qe7 22. Kf1 Rad8 23. Re1 Rfe8 24. f3 Nc6 25. Qc4 Qe6 26. Qxe6 Rxe6 27. Rge2 Nd4 28. Rf2 f5 29. Ng5 Rxe1+ 30. Kxe1 Bf6 31. Nh3 Bh4 32. Nf4 Nxf3+ 33. Ke2 Rd2+ 34. Kxf3 Rxf2+ 35. Ke3 Rxc2 36. Nd5 Bg5+ 37. Kd3 Rc5 38. Nb4 a5 39. Na6 Rd5+ 40. Kc4 Rd7 41. Nb8 Rf7 42. Nc6 f4 43. Ne5 f3 44. Ng4 f2 45. Nxf2 Rxf2 46. h3 Rh2 47. Kb5 Rxh3 48. b4 Rb3 49. Kc4 Rxb4+ 50. Kd5 Rxa4 51. Kc6 Rc4+ 52. Kb5 Rc1 53. Ka4 c5 54. Kb3 h5 55. Ka3 h4 56. Kb3 h3 57. Ka4 h2 58. Kb5 h1=Q 59. Ka6 Qc6 60. Ka7 Rd1 61. Ka6 b5+ 62. Kxa5 Ra1# 0-1


[Site "https://www.chess.com"]

[Event "Titled Tuesday Blitz March 08 Early 2022"]
[White "Kett, Tim"]
[Black "Lashkin, Jegor"]
[WhiteFideId "1801210"]
[BlackFideId "13907808"]
[WhiteElo "2098"]
[BlackElo "2344"]
[Result "1/2-1/2"]
[Round "04"]
[TimeControl "180+1"]
[Date "2022.03.09"]
[WhiteClock "0:00:06"]
[BlackClock "0:00:04"]

1. e4 c5 2. Nf3 d6 3. d4 cxd4 4. Nxd4 Nf6 5. Nc3 a6 6. Bc4 e6 7. O-O b5 8. Bb3 Be7 9. f4 O-O 10. e5 dxe5 11. fxe5 Nfd7 12. Be3 Nc5 13. Qh5 Bb7 14. Rad1 Qc7 15. Rxf7 Rxf7 16. Nxe6 Qc6 17. Bd5 Qe8 18. Nc7 Qf8 19. Bxf7+ Qxf7 20. Qxf7+ Kxf7 21. e6+ Nxe6 22. Rf1+ Bf6 23. Nxa8 Bxa8 24. Ne2 Nc6 25. Nf4 Nxf4 26. Bxf4 Ne7 27. Be5 Be4 28. Bxf6 gxf6 29. c3 Ke6 30. Rf4 Bg6 31. a4 Nd5 32. Rh4 Bc2 33. axb5 axb5 34. c4 bxc4 35. Rxc4 Bg6 36. b4 Bd3 37. Rc6+ Kd7 38. Rc1 Nxb4 39. g4 Kd6 40. Kf2 Nd5 41. Kg3 Bg6 42. h4 h5 43. gxh5 Bxh5 44. Rf1 Ke6 45. Ra1 f5 46. Ra6+ Ke5 47. Ra5 f4+ 48. Kf2 Ke4 49. Ra4+ Ke5 50. Ra5 Bg4 51. Ra4 Be6 52. Ra5 Kf6 53. Ra4 Kf5 54. Kf3 Ke5 55. Ra5 Kf5 56. h5 Kg5 57. h6 Kxh6 58. Rxd5 Bxd5+ 59. Kxf4 1/2-1/2


[Site "https://www.chess.com"]

[Event "Titled Tuesday Blitz March 08 Early 2022"]
[White "Khismatullin, Denis"]
[Black "Samunenkov, Ihor"]
[WhiteFideId "4142578"]
[BlackFideId "14187086"]
[WhiteElo "2543"]
[BlackElo "2409"]
[Result "1-0"]
[Round "04"]
[TimeControl "180+1"]
[Date "2022.03.08"]
[WhiteClock "0:00:19"]
[BlackClock "0:00:06"]

1. c4 c5 2. Nf3 Nc6 3. Nc3 e5 4. e3 Nf6 5. d4 e4 6. Nd2 cxd4 7. exd4 Bb4 8. a3 Bxc3 9. bxc3 O-O 10. Be2 d6 11. O-O Bf5 12. Re1 Re8 13. Nf1 h6 14. Bf4 Qd7 15. Ne3 Bh7 16. h4 Rac8 17. Rb1 b6 18. g4 Nd8 19. Rb5 Ne6 20. Bg3 Qe7 21. a4 Rcd8 22. a5 Nc7 23. Rb2 Rb8 24. axb6 axb6 25. g5 hxg5 26. hxg5 Nd7 27. Bg4 Nf8 28. Nf5 Bxf5 29. Bxf5 g6 30. Bxe4 Qxg5 31. Bg2 Rxe1+ 32. Qxe1 Re8 33. Qd2 Qf6 34. Rxb6 Nfe6 35. Rxd6 Rb8 36. Be4 Ne8 37. Ra6 Qe7 38. Bxb8 Ng5 39. Bg2 Ng7 40. Be5 1-0


[Site "https://www.chess.com"]

[Event "Titled Tuesday Blitz March 08 Early 2022"]
[White "Kim, Sergey"]
[Black "Rychagov, Andrey"]
[WhiteFideId "13700570"]
[BlackFideId "4119932"]
[WhiteElo "2558"]
[BlackElo "2500"]
[Result "0-1"]
[Round "04"]
[TimeControl "180+1"]
[Date "2022.03.09"]
[WhiteClock "0:00:24"]
[BlackClock "0:01:28"]

1. d4 f5 2. c4 Nf6 3. g3 g6 4. Bg2 Bg7 5. Nf3 O-O 6. O-O d6 7. Nc3 Qe8 8. d5 a5 9. Nb5 Na6 10. Nbd4 Bd7 11. Ng5 Nc5 12. b3 h6 13. Ngf3 g5 14. Bb2 Qh5 15. e3 f4 16. exf4 gxf4 17. Qc2 Bh3 18. Rae1 Rae8 19. Ne6 Nxe6 20. dxe6 Ng4 21. Bxg7 Kxg7 22. Re4 Rf6 23. Bxh3 Qxh3 24. Qc3 Kg8 25. Qd4 Ref8 26. Rfe1 c5 27. Qd5 fxg3 0-1


[Site "https://www.chess.com"]

[Event "Titled Tuesday Blitz March 08 Early 2022"]
[White "Kim, Yoon-Young"]
[Black "Suarez Uriel, Adrian"]
[WhiteFideId "30908779"]
[BlackFideId "22230874"]
[WhiteElo "2109"]
[BlackElo "2316"]
[Result "1-0"]
[Round "04"]
[TimeControl "180+1"]
[Date "2022.03.09"]
[WhiteClock "0:00:28"]
[BlackClock "0:00:28"]

1. Nf3 Nf6 2. d4 g6 3. c4 Bg7 4. Nc3 b6 5. Bg5 Bb7 6. e3 O-O 7. Be2 c5 8. d5 d6 9. O-O Nbd7 10. Nd2 a6 11. a4 e5 12. a5 h6 13. Bh4 bxa5 14. Nb3 Rb8 15. Nxa5 Ba8 16. Nc6 Bxc6 17. dxc6 Nb6 18. Rxa6 Qc8 19. Rxb6 Rxb6 20. Bxf6 Bxf6 21. Nd5 Bd8 22. c7 Rxb2 23. cxd8=Q Qxd8 24. Bf3 f5 25. e4 Qh4 26. Nc3 Qf6 27. Qc1 Rb3 28. Bd1 Rb4 29. Nd5 Qh4 30. Nxb4 cxb4 31. exf5 gxf5 32. Qd2 Qxc4 33. Qxd6 Qc3 34. Qg6+ Kh8 35. Qxh6+ Kg8 36. Qe6+ Kg7 37. Bb3 Rf6 38. Qe7+ Kg6 39. Bg8 b3 40. Bh7+ Kg5 41. h4+ Kf4 42. Qxf6 Qd3 43. Qg5+ Ke4 44. Qxf5+ 1-0


[Site "https://www.chess.com"]

[Event "Titled Tuesday Blitz March 08 Early 2022"]
[White "Kollars, Dmitrij"]
[Black "Gabrielian, Artur"]
[WhiteFideId "12909572"]
[BlackFideId "4131002"]
[WhiteElo "2584"]
[BlackElo "2440"]
[Result "0-1"]
[Round "04"]
[TimeControl "180+1"]
[Date "2022.03.08"]
[WhiteClock "0:00:21"]
[BlackClock "0:00:05"]

1. Nf3 Nf6 2. c4 c5 3. g3 Nc6 4. Bg2 d5 5. cxd5 Nxd5 6. Nc3 Nc7 7. O-O e5 8. Ne1 Be7 9. Nd3 O-O 10. b3 f6 11. Bb2 Be6 12. Ne4 Na6 13. Rc1 Qb6 14. Qc2 Nd4 15. Bxd4 cxd4 16. Qb2 f5 17. Nxe5 fxe4 18. Bxe4 Nc5 19. Bg2 Rad8 20. Nc4 Qa6 21. d3 Bd5 22. Bxd5+ Rxd5 23. b4 Na4 24. Qb3 Kh8 25. Na5 Nb6 26. Rc7 Bxb4 27. Qxb4 Rdf5 28. Qxd4 R5f6 29. Nxb7 Qxa2 30. Qe4 Re6 31. Qf4 Rxf4 32. gxf4 h6 33. e3 Rg6+ 34. Kh1 Qe2 0-1


[Site "https://www.chess.com"]

[Event "Titled Tuesday Blitz March 08 Early 2022"]
[White "Korkmaz, Necmettin"]
[Black "Antonio, Jorge Carlos"]
[WhiteFideId "6303285"]
[BlackFideId "113190"]
[WhiteElo "2094"]
[BlackElo "2247"]
[Result "1-0"]
[Round "04"]
[TimeControl "180+1"]
[Date "2022.03.09"]
[WhiteClock "0:00:15"]
[BlackClock "0:00:01"]

1. e4 e5 2. Nf3 Nc6 3. d4 exd4 4. Bc4 Nf6 5. O-O Nxe4 6. Re1 d5 7. Bxd5 Qxd5 8. Nc3 Qd7 9. Rxe4+ Be7 10. Nxd4 f5 11. Rf4 O-O 12. Nxc6 Qxc6 13. Qd5+ Qxd5 14. Nxd5 Bd6 15. Rd4 Be6 16. Bf4 Rad8 17. Bxd6 Rxd6 18. Nf4 Rxd4 19. Nxe6 Rd2 20. Nxf8 Kxf8 21. Rc1 Ke7 22. Kf1 g5 23. Ke1 Rd4 24. c4 c5 25. Rc3 Re4+ 26. Kd2 Ke6 27. b3 Ke5 28. Rh3 Rd4+ 29. Kc3 Re4 30. Kd3 Rd4+ 31. Kc3 Re4 32. Rxh7 Kf4 33. Rxb7 Re2 34. a4 Rxf2 35. Rxa7 Rxg2 36. Rh7 Kg4 37. b4 cxb4+ 38. Kxb4 f4 39. c5 f3 40. c6 Rc2 41. Kb5 f2 42. Rf7 Kh3 43. Kb6 Kxh2 44. c7 Rxc7 45. Rxf2+ Kg3 46. Rf1 Rc3 47. a5 Ra3 48. Rg1+ Kf4 49. a6 g4 50. Rf1+ Kg5 51. Rb1 g3 52. a7 Rxa7 53. Kxa7 Kg4 54. Kb6 1-0


[Site "https://www.chess.com"]

[Event "Titled Tuesday Blitz March 08 Early 2022"]
[White "Kosakowski, Jakub"]
[Black "Gracia Alvarez, Gerardo Antonio"]
[WhiteFideId "1185080"]
[BlackFideId "5109124"]
[WhiteElo "2476"]
[BlackElo "2139"]
[Result "1-0"]
[Round "04"]
[TimeControl "180+1"]
[Date "2022.03.09"]
[WhiteClock "0:00:03"]
[BlackClock "0:00:04"]

1. e4 c5 2. Nf3 Nc6 3. d4 cxd4 4. Nxd4 Nf6 5. Nc3 e5 6. Ndb5 h6 7. Nd6+ Bxd6 8. Qxd6 Qe7 9. Qd1 O-O 10. Be3 Rd8 11. Nd5 Nxd5 12. exd5 Nd4 13. g4 d6 14. h3 f5 15. c3 f4 16. Bc1 b6 17. cxd4 exd4+ 18. Kd2 Bb7 19. Bg2 Rac8 20. Re1 Qf7 21. Qb3 Ba6 22. Kd1 d3 23. Bd2 Bc4 24. Qa3 Bxd5 25. Be4 Bxe4 26. Rxe4 Qd5 27. f3 Kh8 28. Qb3 Qc5 29. Qxd3 Qg1+ 30. Re1 Qf2 31. Bc3 Re8 32. Rf1 Qg2 33. Rc1 d5 34. Rc2 Qg3 35. Qg6 Re7 36. Re2 Qxh3 37. Rxe7 Qxf1+ 38. Kc2 Qe2+ 39. Rxe2 1-0


[Site "https://www.chess.com"]

[Event "Titled Tuesday Blitz March 08 Early 2022"]
[White "Kosteniuk, Alexandra"]
[Black "Kanyamarala, Tarun"]
[WhiteFideId "4128125"]
[BlackFideId "45004714"]
[WhiteElo "2469"]
[BlackElo "2075"]
[Result "1-0"]
[Round "04"]
[TimeControl "180+1"]
[Date "2022.03.09"]
[WhiteClock "0:00:14"]
[BlackClock "0:00:03"]

1. e4 c5 2. c3 d5 3. exd5 Nf6 4. d4 Nxd5 5. dxc5 e6 6. Nf3 Bxc5 7. Bd3 h6 8. O-O O-O 9. Bc2 Nc6 10. Qd3 Nf6 11. Qe2 e5 12. Nbd2 Bb6 13. Nc4 Bc7 14. Rd1 Qe7 15. h3 e4 16. Nh2 b5 17. Ne3 Qe5 18. Nef1 a5 19. Qe3 Ba6 20. Qg3 Qe7 21. Qh4 Ne5 22. Ng4 Nexg4 23. hxg4 Qe5 24. Be3 Rad8 25. Bd4 Qg5 26. Qxg5 hxg5 27. Bxf6 gxf6 28. Bxe4 b4 29. Ne3 bxc3 30. bxc3 Be5 31. Rac1 Rxd1+ 32. Nxd1 Bc4 33. a4 Bb3 34. Bc2 Be6 35. Bf5 Bb3 36. Bc2 Be6 37. Bd3 Bxg4 38. Ne3 Be6 39. Bb5 Rc8 40. c4 f5 41. Rd1 f4 42. Nd5 Bxd5 43. cxd5 Bd6 44. Bc6 Rb8 45. Kf1 f6 46. Ke2 Be5 47. Kf3 Bd6 48. Kg4 Kg7 49. Rd2 Rb4 50. f3 Rb1 51. Re2 Be5 52. Kf5 Rb8 53. Ke6 Rd8 54. Re1 Rd6+ 55. Kf5 Kf7 56. Rb1 Rd8 57. Rb7+ Kf8 58. Ra7 Bc3 59. Rh7 Kg8 60. Kg6 f5 61. Bd7 g4 62. Be6+ Kf8 63. Rc7 Be5 64. Rf7+ Ke8 65. Rxf5 gxf3 66. gxf3 Bd4 67. Rxf4 Be3 68. Re4 Bd2 69. f4 Ke7 70. f5 Kd6 71. f6 Bc3 72. Rc4 Rf8 73. Rxc3 1-0


[Site "https://www.chess.com"]

[Event "Titled Tuesday Blitz March 08 Early 2022"]
[White "Kouskoutis, Georgios-Alexandros"]
[Black "Mohammed, Dilshad"]
[WhiteFideId "4234049"]
[BlackFideId "5050421"]
[WhiteElo "2130"]
[BlackElo "2109"]
[Result "1-0"]
[Round "04"]
[TimeControl "180+1"]
[Date "2022.03.09"]
[WhiteClock "0:00:07"]
[BlackClock "0:00:10"]

1. c4 e5 2. g3 Nf6 3. Bg2 d5 4. cxd5 Nxd5 5. Nf3 Nc6 6. O-O Be7 7. d4 e4 8. Ne5 f5 9. Nxc6 bxc6 10. Nc3 O-O 11. Nxd5 cxd5 12. Bf4 c6 13. Rc1 Qb6 14. Qa4 Bd7 15. Rc2 Bf6 16. e3 Rf7 17. Qa3 Be7 18. Bd6 Bf6 19. Rfc1 g5 20. Qc5 Qb7 21. b4 a6 22. a4 Bd8 23. Bf1 Bb6 24. Qc3 Qa7 25. Bc5 f4 26. Bxb6 Qxb6 27. Qc5 Qb8 28. b5 axb5 29. axb5 fxg3 30. fxg3 Rf3 31. bxc6 Be6 32. Qe7 Rxg3+ 33. hxg3 Qxg3+ 34. Kh1 Qh4+ 35. Rh2 Qg4 36. Qxh7+ Kf8 37. Qh8+ Ke7 38. Rh7+ Bf7 39. Qxa8 Qf5 40. Rxf7+ Kxf7 41. Bg2 Qh7+ 42. Kg1 Qh4 43. Rf1+ Kg7 44. Qf8+ Kg6 45. Rf6+ Kh5 46. Rh6+ Kg4 47. Rxh4+ gxh4 48. Qf4+ Kh5 49. Qf5+ Kh6 50. c7 1-0


[Site "https://www.chess.com"]

[Event "Titled Tuesday Blitz March 08 Early 2022"]
[White "Lauridsen, Jesper Morch"]
[Black "Kuzmin, Roman"]
[WhiteFideId "1401890"]
[BlackFideId "44134932"]
[WhiteElo "2265"]
[BlackElo "1978"]
[Result "0-1"]
[Round "04"]
[TimeControl "180+1"]
[Date "2022.03.09"]
[WhiteClock "0:00:01"]
[BlackClock "0:00:17"]

1. e4 c5 2. Nf3 d6 3. d4 cxd4 4. Nxd4 Nf6 5. Nc3 a6 6. Bc4 e6 7. a3 b5 8. Ba2 Nbd7 9. O-O Nc5 10. Re1 Bb7 11. Bg5 Be7 12. Qf3 h6 13. Bxf6 Bxf6 14. Rad1 Qb6 15. b4 Nd7 16. Bxe6 fxe6 17. Qh5+ Ke7 18. e5 dxe5 19. Nb3 Rhd8 20. Na5 Nf8 21. Nxb7 Qxb7 22. Ne4 Rxd1 23. Qxd1 Rd8 24. Qf3 Qd5 25. h3 Ng6 26. Qh5 Nf4 27. Qg4 h5 28. Qf3 Qc6 29. Qe3 Rd4 30. f3 Qxc2 31. Nf2 Qd2 32. Qb3 Qxe1+ 33. Kh2 Qxf2 0-1


[Site "https://www.chess.com"]

[Event "Titled Tuesday Blitz March 08 Early 2022"]
[White "Lazavik, Denis"]
[Black "Beerdsen, Thomas"]
[WhiteFideId "13515110"]
[BlackFideId "1030108"]
[WhiteElo "2437"]
[BlackElo "2585"]
[Result "1-0"]
[Round "04"]
[TimeControl "180+1"]
[Date "2022.03.08"]
[WhiteClock "0:01:54"]
[BlackClock "0:00:30"]

1. d4 d5 2. c4 Nc6 3. Nf3 Bg4 4. cxd5 Bxf3 5. gxf3 Qxd5 6. e3 e5 7. Nc3 Bb4 8. Bd2 Bxc3 9. bxc3 Qd6 10. Qb3 O-O-O 11. Qxf7 Nge7 12. Bh3+ Kb8 13. Qe6 Qxe6 14. Bxe6 exd4 15. cxd4 Ng6 16. O-O-O Nh4 17. f4 Rhe8 18. Bb3 Nf5 19. Bc3 Rd6 20. d5 Nd8 21. Rhe1 g6 22. e4 Nh4 23. e5 Rd7 24. Ba4 c6 25. e6 Rd6 26. Be5 Nf5 27. dxc6 Rxe6 28. Bxd6+ Rxd6 29. Rxd6 Nxd6 30. cxb7 N8xb7 31. Re7 Nc5 32. Bc2 Nf5 33. Bxf5 gxf5 34. Kd2 Ne4+ 35. Rxe4 fxe4 36. Ke3 1-0


[Site "https://www.chess.com"]

[Event "Titled Tuesday Blitz March 08 Early 2022"]
[White "Le, Tuan Minh"]
[Black "Molina, Roberto Junio Brito"]
[WhiteFideId "12401153"]
[BlackFideId "2109450"]
[WhiteElo "2450"]
[BlackElo "2432"]
[Result "1-0"]
[Round "04"]
[TimeControl "180+1"]
[Date "2022.03.08"]
[WhiteClock "0:01:45"]
[BlackClock "0:00:55"]

1. d4 d5 2. Nf3 Nf6 3. Bf4 c5 4. c3 e6 5. e3 Bd6 6. Nbd2 Bxf4 7. exf4 Qc7 8. g3 O-O 9. Bd3 b6 10. Qe2 a5 11. O-O Ba6 12. Bxa6 Nxa6 13. Rfe1 Nb8 14. Rad1 Nc6 15. Nf1 Rab8 16. Ne3 g6 17. h4 Ne4 18. c4 cxd4 19. Nxd4 Nxd4 20. Rxd4 Nf6 21. cxd5 exd5 22. Red1 Rfe8 23. Qf3 Rbd8 24. f5 Qe5 25. b3 Rd7 26. Nxd5 Nxd5 27. Rxd5 Rxd5 28. Qxd5 Qxf5 29. Qxf5 gxf5 30. Rd5 f4 31. gxf4 Re2 32. a4 Re4 33. Rb5 Rxf4 34. Rxb6 Rxh4 35. Rb5 Rh3 36. Kf1 Kg7 37. Ke2 Kg6 38. f3 Rh2+ 39. Kd3 Rb2 40. Kc4 Rf2 41. Rxa5 Rxf3 42. Ra8 h5 43. a5 h4 44. Rh8 Kg5 45. a6 Rf6 46. a7 Ra6 47. a8=Q Rxa8 48. Rxa8 1-0


[Site "https://www.chess.com"]

[Event "Titled Tuesday Blitz March 08 Early 2022"]
[White "Leiva, Gianmarco"]
[Black "Zhigalko, Sergei"]
[WhiteFideId "3804399"]
[BlackFideId "13502956"]
[WhiteElo "2311"]
[BlackElo "2662"]
[Result "0-1"]
[Round "04"]
[TimeControl "180+1"]
[Date "2022.03.08"]
[WhiteClock "0:00:10"]
[BlackClock "0:00:04"]

1. e4 c5 2. Nf3 Nc6 3. Bb5 Nf6 4. Nc3 Qc7 5. O-O Nd4 6. Re1 a6 7. Bf1 Ng4 8. e5 h5 9. Nd5 Qc6 10. Nxd4 cxd4 11. c4 e6 12. Nf4 d6 13. exd6 Bxd6 14. d3 g5 15. Nh3 Bxh2+ 16. Kh1 Bf4 17. Kg1 Bxc1 18. Rxc1 f6 19. g3 Bd7 20. Bg2 Qc7 21. c5 Kf7 22. Qb3 Rab8 23. Qc4 Rbd8 24. c6 bxc6 25. Qxd4 e5 26. Qa4 Qb6 27. Re2 h4 28. Bxc6 Be6 29. Bf3 Rd4 30. Qc6 Qxc6 31. Rxc6 hxg3 32. fxg3 Rxh3 33. Kg2 Rh2+ 34. Kg1 Rxe2 35. Bxe2 Bxa2 36. Bf3 Be6 37. Rxa6 Rxd3 38. Ra7+ Rd7 39. Ra4 Rd4 40. Ra7+ Kf8 41. Ra6 Ke7 42. Rb6 Rd6 43. Rb7+ Rd7 44. Rb6 Ne3 45. Be4 Nd5 46. Rc6 Nb4 47. Rb6 Nd5 48. Rc6 f5 49. Bxd5 Rxd5 50. Rc7+ Kf6 51. Rc6 Rd1+ 52. Kg2 Rd2+ 53. Kh3 g4+ 0-1


[Site "https://www.chess.com"]

[Event "Titled Tuesday Blitz March 08 Early 2022"]
[White "Leve, Nitai"]
[Black "Arabidze, Meri"]
[WhiteFideId "2006898"]
[BlackFideId "13604040"]
[WhiteElo "2144"]
[BlackElo "2335"]
[Result "1-0"]
[Round "04"]
[TimeControl "180+1"]
[Date "2022.03.09"]
[WhiteClock "0:00:09"]
[BlackClock "0:00:06"]

1. e4 d6 2. d4 g6 3. Nc3 Bg7 4. f4 Nf6 5. Nf3 c5 6. dxc5 dxc5 7. Qxd8+ Kxd8 8. Be3 Nbd7 9. O-O-O Kc7 10. e5 Ng4 11. Bg1 Bh6 12. h3 Ngxe5 13. Nd5+ Kb8 14. Nxe5 Nxe5 15. Bxc5 Nc6 16. g3 Re8 17. Bb5 Be6 18. Nxe7 Rxe7 19. Bxc6 Rc7 20. Rd8+ Bc8 21. Bd6 bxc6 22. Re1 Kb7 23. Bxc7 Kxc7 24. Rh8 Bg7 25. Rxh7 Bd4 26. Rxf7+ Kb6 27. c3 Bf2 28. Re8 Bxg3 29. Rff8 Kb7 30. b4 Bf2 31. a4 a6 32. Kb2 Bb6 33. c4 Bd4+ 34. Kb3 Kc7 35. Rf7+ Kd6 36. c5+ Kd5 37. Rff8 Bxh3 38. Rxa8 Bf1 39. Rad8+ Ke4 40. Rfe8+ Kd3 41. Re1 Bg2 42. Rd1+ Ke2 43. R1xd4 1-0


[Site "https://www.chess.com"]

[Event "Titled Tuesday Blitz March 08 Early 2022"]
[White "Levin, Anthony"]
[Black "Coelho, Ramyres Santana"]
[WhiteFideId "30940680"]
[BlackFideId "2120690"]
[WhiteElo "1862"]
[BlackElo "1888"]
[Result "1/2-1/2"]
[Round "04"]
[TimeControl "180+1"]
[Date "2022.03.09"]
[WhiteClock "0:01:42"]
[BlackClock "0:02:17"]

1. d4 Nf6 2. c4 g6 3. g3 Bg7 4. Bg2 O-O 5. e4 d6 6. Nc3 e5 7. Nf3 Nc6 8. dxe5 Nxe5 9. Nxe5 dxe5 10. Bg5 Qxd1+ 11. Rxd1 c6 12. h3 h6 13. Be3 Be6 14. b3 Rfd8 15. O-O Kf8 16. Na4 b6 17. f3 Ke7 18. Nc3 Rxd1 19. Rxd1 Rd8 20. Rxd8 Kxd8 21. Kf2 Nd7 1/2-1/2


[Site "https://www.chess.com"]

[Event "Titled Tuesday Blitz March 08 Early 2022"]
[White "Lewtak, Damian"]
[Black "Krysa, Leandro"]
[WhiteFideId "1141724"]
[BlackFideId "116807"]
[WhiteElo "2362"]
[BlackElo "2490"]
[Result "0-1"]
[Round "04"]
[TimeControl "180+1"]
[Date "2022.03.09"]
[WhiteClock "0:00:22"]
[BlackClock "0:00:43"]

1. a3 d5 2. d4 Nf6 3. Nf3 Nbd7 4. Bf4 c5 5. c3 Nh5 6. Be3 Qb6 7. Qc1 e6 8. g3 Bd6 9. Bg2 O-O 10. b4 c4 11. a4 f5 12. Ne5 Qd8 13. f4 Nhf6 14. Nd2 Ne4 15. Nxe4 fxe4 16. Nxd7 Bxd7 17. O-O Be8 18. Bh3 Qe7 19. f5 exf5 20. Bxf5 Bd7 21. Bxd7 Qxd7 22. Qc2 Qh3 23. Qd2 Bxg3 24. hxg3 Qxg3+ 25. Kh1 Qh3+ 26. Kg1 Rf6 27. Rxf6 gxf6 28. Kf2 Qh4+ 29. Kf1 Kf7 30. Qe1 Qh3+ 31. Kf2 Qh2+ 32. Kf1 Rg8 0-1


[Site "https://www.chess.com"]

[Event "Titled Tuesday Blitz March 08 Early 2022"]
[White "Ljukin, Sergei"]
[Black "Zaichenko, Daria"]
[WhiteFideId "14102200"]
[BlackFideId "4197453"]
[WhiteElo "2312"]
[BlackElo "2039"]
[Result "1-0"]
[Round "04"]
[TimeControl "180+1"]
[Date "2022.03.09"]
[WhiteClock "0:01:13"]
[BlackClock "0:01:57"]

1. e4 c5 2. Nf3 Nc6 3. d4 cxd4 4. Nxd4 Nf6 5. Nc3 d6 6. Bc4 e5 7. Nxc6 bxc6 8. Bg5 Be7 9. Qd2 Be6 10. Bxe6 fxe6 11. O-O-O Qb6 12. f4 exf4 13. Bxf4 e5 14. Bg5 Rb8 15. b3 Qa5 16. Kb1 d5 17. Bxf6 gxf6 18. exd5 Bb4 19. dxc6 Bxc3 20. Qd7+ Kf8 21. c7 Re8 22. c8=Q Rxc8 23. Qxc8+ Kg7 24. Rd7+ Kg6 25. Qxh8 Qa3 26. Qxh7+ Kg5 27. Rg7+ Kf4 28. Rf1+ Ke3 29. Qd3# 1-0


[Site "https://www.chess.com"]